[Event "Titled Tuesday Blitz March 14 Late 2023"]
[White "Guzman Moneo, Alberto"]
[Black "Skvortsov, Andrei"]
[WhiteFideId "2209616"]
[BlackFideId "24108600"]
[WhiteElo "2157"]
[BlackElo "2259"]
[Result "0-1"]
[Round "01"]
[TimeControl "180+1"]
[Date "2023.03.14"]
[WhiteClock "0:00:32"]
[BlackClock "0:01:09"]

1. e4 c5 2. Nc3 e6 3. Nge2 Nc6 4. g3 d5 5. exd5 exd5 6. Bg2 d4 7. Nd5 Bd6 8. O-O Nge7 9. Nef4 O-O 10. d3 Nxd5 11. Nxd5 Be6 12. Nf4 Bf5 13. Re1 Rc8 14. Bd2 b6 15. Qf3 Ne7 16. g4 Bd7 17. h3 Bc6 18. Qe2 Bxg2 19. Kxg2 Bxf4 20. Bxf4 Ng6 21. Bg3 Re8 22. Qf3 Qd7 23. Re4 Rxe4 24. Qxe4 Re8 25. Qf3 Nf8 26. Rh1 Ne6 27. Kh2 h6 28. Re1 Qa4 29. Re2 Qxa2 30. Qc6 Rf8 31. b3 Qb1 32. Bd6 Qd1 33. Re5 Qxc2 34. Bxf8 Qxf2+ 35. Qg2 Qf4+ 36. Qg3 Kxf8 37. Qxf4 Nxf4 38. Kg3 Nxd3 39. Rd5 Ke7 40. Rf5 g6 41. Rf1 a5 42. Kf3 Ke6 43. Ke4 Nb4 44. h4 Nd5 45. g5 hxg5 46. hxg5 f5+ 47. gxf6 Nxf6+ 48. Kd3 Nd5 49. Rg1 Kf5 50. Kc4 Ne3+ 51. Kb5 d3 52. Kxb6 d2 53. Kxc5 d1=Q 54. Rxd1 Nxd1 55. Kb6 g5 56. Kxa5 g4 57. b4 Nc3 58. b5 Nxb5 59. Kxb5 g3 0-1


[Site "https://www.chess.com"]

[Event "Titled Tuesday Blitz March 14 Late 2023"]
[White "Heinemann, Josefine"]
[Black "Nesterov, Arseniy"]
[WhiteFideId "12900460"]
[BlackFideId "24198455"]
[WhiteElo "2342"]
[BlackElo "2491"]
[Result "0-1"]
[Round "01"]
[TimeControl "180+1"]
[Date "2023.03.14"]
[WhiteClock "0:00:01"]
[BlackClock "0:01:39"]

1. e4 e5 2. Nf3 Nc6 3. Bb5 a6 4. Ba4 b5 5. Bb3 Na5 6. d4 exd4 7. Qxd4 Bb7 8. Qd3 d6 9. O-O Nf6 10. Nc3 Be7 11. Nd5 O-O 12. Re1 Nxb3 13. axb3 Nxd5 14. exd5 Bf6 15. c4 h6 16. h3 Re8 17. Rxe8+ Qxe8 18. Rb1 c6 19. dxc6 Bxc6 20. Bf4 Be4 21. Qd1 Bxb1 22. Qxb1 bxc4 23. bxc4 Qe2 24. b3 Rb8 25. Bxd6 Rd8 26. c5 Be7 27. Qf5 Bxd6 28. cxd6 Qd1+ 29. Kh2 Qxd6+ 30. g3 Qd5 31. Qf4 Qxb3 32. Ne5 Qe6 33. Ng4 a5 34. Qc1 a4 35. Qc7 Ra8 36. Qb7 Qa6 37. Qe7 a3 38. Ne5 Qe6 0-1


[Site "https://www.chess.com"]

[Event "Titled Tuesday Blitz March 14 Late 2023"]
[White "Ibarra Jerez, Jose Carlos"]
[Black "Rangel, Daniel"]
[WhiteFideId "2226332"]
[BlackFideId "2124475"]
[WhiteElo "2638"]
[BlackElo "2256"]
[Result "0-1"]
[Round "01"]
[TimeControl "180+1"]
[Date "2023.03.14"]
[WhiteClock "0:00:04"]
[BlackClock "0:00:12"]

1. e4 c5 2. Nc3 g6 3. d4 cxd4 4. Qxd4 Nf6 5. Be3 Nc6 6. Qd2 Bg7 7. f3 O-O 8. O-O-O Qa5 9. Kb1 d6 10. g4 Be6 11. Nge2 Ne5 12. Bg2 Nc4 13. Qc1 b5 14. Bd4 b4 15. Nd5 Nxd5 16. Bxg7 Nc3+ 17. Nxc3 bxc3 18. b3 Kxg7 19. Ka1 Nd2 20. Rxd2 cxd2 21. Qb2+ Kg8 22. Rd1 Rac8 23. c4 Qe5 24. Rxd2 Qxb2+ 25. Kxb2 Kg7 26. g5 h6 27. h4 hxg5 28. hxg5 Rh8 29. Rf2 Rh2 30. Rc2 Rch8 31. b4 Bh3 32. Bxh3 Rxc2+ 33. Kxc2 Rxh3 34. c5 dxc5 35. bxc5 Kf8 36. Kd3 Ke8 37. Kc4 Kd7 0-1


[Site "https://www.chess.com"]

[Event "Titled Tuesday Blitz March 14 Late 2023"]
[White "Karas, Marek"]
[Black "Martinez Alcantara, Jose Eduardo"]
[WhiteFideId "14928558"]
[BlackFideId "3805662"]
[WhiteElo "2233"]
[BlackElo "2712"]
[Result "1/2-1/2"]
[Round "01"]
[TimeControl "180+1"]
[Date "2023.03.14"]
[WhiteClock "0:00:09"]
[BlackClock "0:00:10"]

1. d4 Nf6 2. Nf3 e6 3. c4 Bb4+ 4. Bd2 Qe7 5. e3 O-O 6. Nc3 Bxc3 7. Bxc3 Ne4 8. Qc2 Nxc3 9. Qxc3 d6 10. Be2 Nd7 11. b4 b6 12. O-O Bb7 13. Rac1 c5 14. Rfd1 Nf6 15. bxc5 dxc5 16. Qa3 Rfd8 17. Ne5 Qc7 18. Bf3 Bxf3 19. Nxf3 cxd4 20. exd4 h6 21. h3 Rac8 22. Ne5 Nd7 23. Nf3 e5 24. dxe5 Nxe5 25. Rxd8+ Rxd8 26. Nxe5 Qxe5 27. Qxa7 Qf4 28. Rf1 Qxc4 29. Qxb6 Ra8 30. Qb3 Qd4 31. Rd1 Qa7 32. Ra1 Qd4 33. Rd1 Qa7 34. Rd2 Qe7 35. Qd1 g6 36. a4 Qh4 37. Ra2 Rd8 38. Qb3 Qf4 39. Ra1 Rb8 40. Qe3 Qf6 41. Re1 h5 42. a5 Ra8 43. Qe5 Qa6 44. Ra1 Qc4 45. Qf6 Ra6 46. Qd8+ Kg7 47. Qd2 Qb5 48. Qc3+ Kg8 49. g3 Qb7 50. h4 Qa8 51. Qb4 Qa7 52. Ra2 Kh7 53. Qb5 Re6 54. a6 Re1+ 55. Kg2 Qd4 56. Qb3 Qe4+ 57. f3 Re2+ 58. Rxe2 Qxe2+ 59. Kg1 Qe1+ 60. Kg2 Qe2+ 61. Kg1 Qe1+ 62. Kg2 Qe2+ 1/2-1/2


[Site "https://www.chess.com"]

[Event "Titled Tuesday Blitz March 14 Late 2023"]
[White "Karttunen, Mika"]
[Black "Voeikov , Ilya"]
[WhiteFideId "502081"]
[BlackFideId "54188938"]
[WhiteElo "2396"]
[BlackElo "2141"]
[Result "1-0"]
[Round "01"]
[TimeControl "180+1"]
[Date "2023.03.14"]
[WhiteClock "0:00:16"]
[BlackClock "0:00:01"]

1. e4 c5 2. Nf3 e6 3. d4 cxd4 4. Nxd4 Nf6 5. Bd3 Nc6 6. Nxc6 bxc6 7. Nd2 d5 8. Qe2 Be7 9. O-O O-O 10. b3 Nd7 11. Bb2 Nc5 12. c4 Nxd3 13. Qxd3 Bb7 14. Qd4 Bf6 15. e5 Be7 16. c5 f5 17. f4 a5 18. Rf3 Bc8 19. Kh1 Bd7 20. Nb1 Qb8 21. Nc3 Qb7 22. Na4 Bd8 23. Qf2 Qb4 24. Bd4 Qb7 25. Rh3 Be7 26. Nb6 Ra6 27. Na4 g6 28. Rg1 Rf7 29. Rf3 Qb4 30. h3 Ra8 31. g4 Raf8 32. g5 Bc8 33. h4 Ba6 34. h5 Bb5 35. Nc3 a4 36. bxa4 Bxa4 37. Rh3 Bb5 38. Rg2 Rg7 39. Rgh2 Kf7 40. Kg2 Qb2 41. Qxb2 Bc4 42. Qb7 1-0


[Site "https://www.chess.com"]

[Event "Titled Tuesday Blitz March 14 Late 2023"]
[White "Keymer, Vincent"]
[Black "Hajiyev, Kanan"]
[WhiteFideId "12940690"]
[BlackFideId "13404148"]
[WhiteElo "2651"]
[BlackElo "2103"]
[Result "1/2-1/2"]
[Round "01"]
[TimeControl "180+1"]
[Date "2023.03.14"]
[WhiteClock "0:00:07"]
[BlackClock "0:00:05"]

1. Nf3 d5 2. a3 Nf6 3. e3 g6 4. c4 Bg7 5. d4 O-O 6. cxd5 Nxd5 7. e4 Nf6 8. Nc3 Bg4 9. Be2 Nc6 10. Be3 Re8 11. d5 Bxf3 12. Bxf3 Ne5 13. Be2 h5 14. O-O c6 15. Bd4 Ned7 16. dxc6 bxc6 17. h3 e5 18. Be3 Qc7 19. Qc2 Rab8 20. Rfd1 Qb7 21. b4 Nf8 22. Rd2 Ne6 23. Rad1 Nd4 24. Bxd4 exd4 25. Rxd4 Rbc8 26. Na4 Qc7 27. Nc5 Rcd8 28. Bc4 Rxd4 29. Rxd4 Nd5 30. Rd1 Nb6 31. Bb3 Be5 32. Qe2 Rd8 33. Rxd8+ Qxd8 34. g3 Qe7 35. h4 Bd6 36. Nd3 Nd7 37. Kg2 c5 38. b5 Ne5 39. Nf4 c4 40. Bxc4 Nxc4 41. Qxc4 Bxa3 42. Nd5 Qc5 43. Qxc5 Bxc5 44. f4 Kf8 45. Kf3 Ke8 46. f5 gxf5 47. exf5 Kd7 48. Nf4 Kc7 49. Nxh5 Kb6 50. Nf4 Kxb5 51. Ke4 a5 52. h5 a4 53. Kd3 a3 54. Kc3 Bf8 55. Kb3 Kc6 56. g4 f6 57. Ne6 Bh6 58. Kxa3 Kd6 59. Kb4 Ke5 60. Kc5 Ke4 61. Kd6 Kf3 62. g5 fxg5 63. f6 g4 64. Nd4+ Ke4 65. Ne2 Kf3 66. Nd4+ Ke4 67. Nc2 g3 68. Ne1 Ke3 69. Ng2+ Kf3 70. Nh4+ Kg4 71. Ng2 Kxh5 72. Ke5 Kg4 73. Ke4 Kg5 74. f7 Kf6 75. Kf3 Kxf7 76. Kxg3 1/2-1/2


[Site "https://www.chess.com"]

[Event "Titled Tuesday Blitz March 14 Late 2023"]
[White "Khatena, Moshe"]
[Black "Godzwon, Iwo"]
[WhiteFideId "2010461"]
[BlackFideId "21802483"]
[WhiteElo "2203"]
[BlackElo "2284"]
[Result "0-1"]
[Round "01"]
[TimeControl "180+1"]
[Date "2023.03.14"]
[WhiteClock "0:01:28"]
[BlackClock "0:02:06"]

1. e4 c5 2. b3 e6 3. Bb2 b6 4. g3 Bb7 5. Bg2 Nf6 6. d3 d5 7. e5 Nfd7 8. c4 Na6 9. Nc3 Nc7 10. f4 Be7 11. Nf3 O-O 12. O-O a6 13. Qe2 b5 14. Rad1 Nb6 15. h3 Bc6 16. Kh2 Qc8 17. g4 Rd8 18. Ng5 Bxg5 19. fxg5 Qb7 20. Qf3 Rf8 21. h4 bxc4 22. dxc4 Nxc4 23. b4 Nxb2 0-1


[Site "https://www.chess.com"]

[Event "Titled Tuesday Blitz March 14 Late 2023"]
[White "Khismatullin, Denis"]
[Black "Rodriguez Fontecha, Marcos"]
[WhiteFideId "4142578"]
[BlackFideId "2256576"]
[WhiteElo "2531"]
[BlackElo "2263"]
[Result "1-0"]
[Round "01"]
[TimeControl "180+1"]
[Date "2023.03.14"]
[WhiteClock "0:01:05"]
[BlackClock "0:00:59"]

1. d4 d5 2. c4 Nc6 3. cxd5 Qxd5 4. e3 e5 5. Nc3 Bb4 6. a3 Bxc3+ 7. bxc3 Nf6 8. c4 Qd6 9. d5 Nb8 10. a4 Na6 11. Ba3 Nc5 12. Ne2 O-O 13. Nc3 a6 14. Be2 Bf5 15. a5 Nfd7 16. e4 Bg6 17. O-O Rfe8 18. Bg4 Qf6 19. f3 Qg5 20. Bc1 Qd8 21. Be3 f6 22. Qc2 Kh8 23. Rab1 Rb8 24. Bxd7 Nxd7 25. Ba7 Ra8 26. Rxb7 Qc8 27. Qb3 Nb6 28. Rxc7 Qxc7 29. Bxb6 Rab8 30. Bxc7 Rxb3 31. Na4 Rb4 32. Nb6 Rc8 33. d6 1-0


[Site "https://www.chess.com"]

[Event "Titled Tuesday Blitz March 14 Late 2023"]
[White "Kohler, Aran"]
[Black "Filgueira, Hernan"]
[WhiteFideId "1002856"]
[BlackFideId "101770"]
[WhiteElo "2239"]
[BlackElo "2363"]
[Result "0-1"]
[Round "01"]
[TimeControl "180+1"]
[Date "2023.03.14"]
[WhiteClock "0:00:03"]
[BlackClock "0:00:25"]

1. e4 d6 2. d4 Nf6 3. Nc3 Nbd7 4. Nf3 e5 5. g4 h6 6. Rg1 g6 7. h3 Bg7 8. Bc4 c6 9. Bb3 Qe7 10. dxe5 Nxe5 11. Nxe5 dxe5 12. Be3 O-O 13. g5 hxg5 14. Bxg5 Be6 15. Qf3 Bxb3 16. axb3 Qe6 17. O-O-O Nh5 18. Be3 Kh7 19. Kb1 b5 20. Bc5 Rfd8 21. Rxd8 Rxd8 22. Bxa7 Nf4 23. Be3 Qf6 24. Rg4 Bh6 25. b4 Kg7 26. b3 Qe7 27. Bc5 Qf6 28. Kb2 Rd2 29. Qg3 Nd3+ 30. Kb1 Nxc5 31. bxc5 Rxf2 32. Kb2 Rf1 33. Qg2 Bc1+ 34. Ka2 Be3 35. h4 Rf2 36. Qg3 Bd4 37. h5 Rxc2+ 38. Kb1 Rxc3 39. h6+ Kh7 40. Rh4 Rxg3 0-1


[Site "https://www.chess.com"]

[Event "Titled Tuesday Blitz March 14 Late 2023"]
[White "Kokoszczynski, Jan"]
[Black "Sarana, Alexey"]
[WhiteFideId "1174460"]
[BlackFideId "24133795"]
[WhiteElo "2139"]
[BlackElo "2714"]
[Result "0-1"]
[Round "01"]
[TimeControl "180+1"]
[Date "2023.03.14"]
[WhiteClock "0:00:54"]
[BlackClock "0:01:21"]

1. d4 Nf6 2. c4 e6 3. Nc3 d5 4. cxd5 exd5 5. Bg5 c6 6. e3 Bf5 7. Qf3 Bg6 8. Bxf6 Qxf6 9. Qxf6 gxf6 10. h4 h5 11. Nge2 Bd6 12. g3 Nd7 13. Nf4 Nb6 14. Be2 a5 15. Kd2 Ke7 16. Rac1 a4 17. a3 Bxf4 18. gxf4 Nc8 19. Rhg1 Nd6 20. Bd3 Rhg8 21. Ne2 Bxd3 22. Kxd3 Nf5 23. Ng3 Nxg3 24. Rxg3 Rxg3 25. fxg3 Ke6 26. e4 Rg8 27. Rg1 dxe4+ 28. Kxe4 f5+ 29. Ke3 Kd5 30. Kd3 b6 31. Rg2 Re8 32. Rg1 Re4 33. Kc3 Re3+ 34. Kb4 b5 35. Rc1 Rb3+ 36. Ka5 Rxb2 37. Kb6 b4 38. axb4 Rxb4+ 39. Ka5 Rxd4 0-1


[Site "https://www.chess.com"]

[Event "Titled Tuesday Blitz March 14 Late 2023"]
[White "Kornyukov, Alexey"]
[Black "Kurtz, Eric M"]
[WhiteFideId "4150457"]
[BlackFideId "30939763"]
[WhiteElo "2352"]
[BlackElo "2601"]
[Result "0-1"]
[Round "01"]
[TimeControl "180+1"]
[Date "2023.03.14"]
[WhiteClock "0:00:11"]
[BlackClock "0:00:18"]

1. d4 Nf6 2. c4 c5 3. d5 b5 4. cxb5 a6 5. e3 Bb7 6. Nc3 g6 7. Nf3 Bg7 8. a4 O-O 9. Ra3 d6 10. Be2 Nbd7 11. O-O Nb6 12. e4 axb5 13. Bxb5 Ne8 14. Qe2 Nc7 15. Bd3 Na6 16. a5 Nd7 17. Bg5 Re8 18. Bb5 h6 19. Bh4 Nc7 20. Bc4 Ba6 21. Nd2 Qc8 22. Rfa1 Qb7 23. Bxa6 Nxa6 24. Nc4 Kf8 25. Na4 Qb5 26. Qc2 Nb4 27. Qb3 Reb8 28. Nab6 Ra6 29. h3 Nf6 30. e5 Ne8 31. exd6 exd6 32. Qe3 Ra7 33. Re1 g5 34. Bg3 Nc2 35. Nxd6 Nxd6 36. Bxd6+ Kg8 37. Qe4 Rd8 38. Qxc2 Rxd6 39. Rd3 Qxa5 40. Nc4 Qxe1+ 41. Kh2 Be5+ 42. g3 Rf6 43. Kg2 Bd6 44. Re3 Qb4 45. Re8+ Kg7 46. Qe2 Qb7 47. Nxd6 Rxd6 48. Qe5+ Rf6 49. h4 gxh4 50. g4 Qd7 51. g5 hxg5 52. Qxg5+ Rg6 53. Qxg6+ fxg6 54. Re4 Qxd5 55. Kf3 Qxe4+ 56. Kxe4 Rd7 57. Kf3 Kf6 58. Kg2 Kf5 59. f3 Rd3 60. Kf2 Rb3 61. Ke2 Rxb2+ 62. Ke3 Rb4 63. f4 Rxf4 64. Ke2 h3 65. Kd3 Rg4 66. Ke3 h2 67. Kf3 h1=Q+ 68. Kf2 Qh3 69. Ke1 Rg1+ 70. Kf2 Rg2+ 71. Kf1 Qh1# 0-1


[Site "https://www.chess.com"]

[Event "Titled Tuesday Blitz March 14 Late 2023"]
[White "Koutlas, Nikolaos"]
[Black "Xu, Yi"]
[WhiteFideId "25827138"]
[BlackFideId "8605564"]
[WhiteElo "2215"]
[BlackElo "2471"]
[Result "0-1"]
[Round "01"]
[TimeControl "180+1"]
[Date "2023.03.14"]
[WhiteClock "0:00:04"]
[BlackClock "0:00:04"]

1. Nf3 d5 2. g3 Nf6 3. Bg2 e6 4. O-O Be7 5. c4 O-O 6. b3 c5 7. cxd5 Nxd5 8. Bb2 Nc6 9. d4 cxd4 10. Nxd4 Bd7 11. Nc3 Nxc3 12. Bxc3 Rc8 13. Rc1 a6 14. Qd2 Nxd4 15. Bxd4 Bc6 16. Bxc6 bxc6 17. Rfd1 c5 18. Be5 Qxd2 19. Rxd2 Rfd8 20. Rxd8+ Rxd8 21. Rc2 f6 22. Bf4 a5 23. Kg2 Ra8 24. Be3 Kf7 25. Rc4 Rc8 26. Kf3 e5 27. Bd2 Bd8 28. Ke4 Ke6 29. g4 g6 30. Kd3 f5 31. gxf5+ gxf5 32. e4 Bb6 33. exf5+ Kxf5 34. Rh4 Rd8+ 35. Kc2 Rd7 36. f3 Bd8 37. Rh5+ Ke6 38. Bc3 Bc7 39. h3 Rf7 40. f4 exf4 41. Rxc5 Bd6 42. Rxa5 f3 43. Bd4 f2 44. Bxf2 Rxf2+ 45. Kd3 Rf3+ 46. Ke4 Rxh3 47. Ra7 h5 48. Rh7 Rh4+ 49. Kd3 Rh1 50. Ke4 h4 51. Rh6+ Kd7 52. Kd5 Bf4 53. Rh7+ Ke8 54. Ke6 Kd8 55. Rf7 Bg3 56. Rh7 h3 57. b4 h2 58. Kf5 Rf1+ 59. Kg4 h1=Q 60. Rxh1 Rxh1 61. Kxg3 Rb1 0-1


[Site "https://www.chess.com"]

[Event "Titled Tuesday Blitz March 14 Late 2023"]
[White "Kozin, Yuri"]
[Black "Bluebaum, Matthias"]
[WhiteFideId "4129920"]
[BlackFideId "24651516"]
[WhiteElo "2512"]
[BlackElo "2638"]
[Result "1-0"]
[Round "01"]
[TimeControl "180+1"]
[Date "2023.03.14"]
[WhiteClock "0:00:07"]
[BlackClock "0:00:02"]

1. e4 e6 2. d4 d5 3. Nd2 c5 4. exd5 Qxd5 5. Ngf3 cxd4 6. Bc4 Qd6 7. O-O Nf6 8. Nb3 Nc6 9. Nbxd4 Nxd4 10. Qxd4 Qxd4 11. Nxd4 Bd7 12. Be2 Rc8 13. Bf3 Bc5 14. Be3 e5 15. Nb3 Bxe3 16. fxe3 e4 17. Bd1 O-O 18. Nd4 Nd5 19. Kf2 Nb6 20. c3 Nc4 21. Be2 Nxb2 22. Rab1 Nd3+ 23. Bxd3 exd3 24. Rxb7 Bg4 25. Rb3 Rfd8 26. Ke1 Rd6 27. Kd2 Ra6 28. a3 h6 29. Kxd3 Rd8 30. h3 Be6 31. c4 Rc8 32. Rc1 Bd5 33. g3 Bg2 34. h4 Kh7 35. c5 Kg6 36. Rbc3 Kh5 37. c6 Kg4 38. c7 Rd6 39. Ke2 Be4 40. Rc4 Kxg3 41. Rg1+ Kh2 42. Rxg7 f5 43. Rc1 Kh3 44. Nf3 Bxf3+ 45. Kxf3 Rd2 46. Rh1+ Rh2 47. Rg3+ Kxh4 48. Rxh2# 1-0


[Site "https://www.chess.com"]

[Event "Titled Tuesday Blitz March 14 Late 2023"]
[White "Larino Nieto, David"]
[Black "Fernandez, Maria Florencia"]
[WhiteFideId "2256444"]
[BlackFideId "116459"]
[WhiteElo "2506"]
[BlackElo "2155"]
[Result "1-0"]
[Round "01"]
[TimeControl "180+1"]
[Date "2023.03.14"]
[WhiteClock "0:01:42"]
[BlackClock "0:00:08"]

1. e4 d6 2. Nc3 Nf6 3. g3 g6 4. Bg2 Bg7 5. d3 O-O 6. h3 e5 7. Nge2 Ne8 8. O-O Nc6 9. Kh2 f5 10. f4 Nf6 11. Be3 Nh5 12. Qd2 Be6 13. Rf2 Qd7 14. Raf1 exf4 15. Nxf4 Nxf4 16. Bxf4 fxe4 17. Nxe4 Bd4 18. Be3 Rxf2 19. Qxf2 Bxe3 20. Qxe3 Qe7 21. Ng5 Bxa2 22. Qxe7 Nxe7 23. b3 Rf8 24. Ra1 Bxb3 25. cxb3 Rf5 26. Ne6 Rb5 27. Rf1 h5 28. Rf8+ 1-0


[Site "https://www.chess.com"]

[Event "Titled Tuesday Blitz March 14 Late 2023"]
[White "Lazavik, Denis"]
[Black "Fernandez Garcia, Gumersindo"]
[WhiteFideId "13515110"]
[BlackFideId "24516740"]
[WhiteElo "2560"]
[BlackElo "2093"]
[Result "1-0"]
[Round "01"]
[TimeControl "180+1"]
[Date "2023.03.14"]
[WhiteClock "0:02:57"]
[BlackClock "0:01:57"]

1. d4 Nf6 2. c4 e6 3. Nf3 d5 4. g3 Be7 5. Bg2 O-O 6. O-O dxc4 7. Qc2 b6 8. Ne5 Qxd4 9. Bxa8 Qxe5 10. Bf3 c5 11. Bf4 Qd4 12. Rd1 Ba6 13. Rxd4 cxd4 14. Bxb8 Rxb8 15. Qa4 Bb7 16. Qxa7 1-0


[Site "https://www.chess.com"]

[Event "Titled Tuesday Blitz March 14 Late 2023"]
[White "Liu, Casper"]
[Black "Matinian, Nikita"]
[WhiteFideId "1454153"]
[BlackFideId "24129100"]
[WhiteElo "2221"]
[BlackElo "2422"]
[Result "0-1"]
[Round "01"]
[TimeControl "180+1"]
[Date "2023.03.14"]
[WhiteClock "0:00:40"]
[BlackClock "0:00:39"]

1. d4 Nf6 2. c4 e6 3. Nc3 Bb4 4. Bg5 h6 5. Bxf6 Qxf6 6. g3 c5 7. Nf3 Nc6 8. a3 cxd4 9. axb4 dxc3 10. b5 cxb2 11. Rb1 Ne5 12. Nxe5 Qxe5 13. Bg2 Qc3+ 14. Qd2 Qxc4 15. Rxb2 d5 16. O-O Qc7 17. Rc1 Qe7 18. Qf4 O-O 19. Rc7 Qf6 20. Qd2 Rd8 21. Rb4 a5 22. Ra4 Qe5 23. b6 Bd7 24. Rxa5 Bc6 25. e3 Rxa5 26. Qxa5 Qb2 27. Bf1 d4 28. exd4 Qxd4 29. Qh5 g6 30. Qxh6 Qe4 0-1


[Site "https://www.chess.com"]

[Event "Titled Tuesday Blitz March 14 Late 2023"]
[White "Liu, Yi"]
[Black "Tanenbaum, Zachary"]
[WhiteFideId "3210588"]
[BlackFideId "2060850"]
[WhiteElo "2264"]
[BlackElo "2175"]
[Result "0-1"]
[Round "01"]
[TimeControl "180+1"]
[Date "2023.03.14"]
[WhiteClock "0:00:58"]
[BlackClock "0:00:15"]

1. e4 e5 2. Nf3 Nc6 3. Bb5 a6 4. Ba4 d6 5. O-O Nf6 6. Re1 Be7 7. d4 b5 8. Bb3 Nxd4 9. Nxd4 exd4 10. Qxd4 c5 11. Qd3 c4 12. Bxc4 bxc4 13. Qxc4 O-O 14. Nc3 Be6 15. Qd3 Qb6 16. Be3 Qxb2 17. Rab1 Qa3 18. Rb7 Rfe8 19. f4 Rac8 20. Bd4 Rb8 21. Reb1 Rxb7 22. Rxb7 Qc1+ 23. Kf2 Qxf4+ 24. Kg1 Ng4 25. h3 Qh2+ 26. Kf1 Qh1+ 27. Bg1 Bc4 28. Qxc4 Ne3+ 29. Kf2 Nxc4 30. Nd5 Bh4+ 31. Kf1 Nd2+ 32. Ke2 Qxg2+ 33. Kd3 Qxg1 34. Nc7 Qf1+ 35. Kxd2 Qe1+ 36. Kd3 Qxe4+ 37. Kc3 Qc6+ 38. Kb3 Qxb7+ 0-1


[Site "https://www.chess.com"]

[Event "Titled Tuesday Blitz March 14 Late 2023"]
[White "Livaic, Leon"]
[Black "Cheng, Xiao"]
[WhiteFideId "14531534"]
[BlackFideId "2022915"]
[WhiteElo "2509"]
[BlackElo "2453"]
[Result "1-0"]
[Round "01"]
[TimeControl "180+1"]
[Date "2023.03.14"]
[WhiteClock "0:02:12"]
[BlackClock "0:01:30"]

1. d4 f5 2. Nc3 Nf6 3. Bg5 d5 4. Bxf6 exf6 5. e3 c6 6. Bd3 Bd6 7. Qf3 Qd7 8. Nge2 O-O 9. h4 b5 10. h5 b4 11. Na4 Na6 12. Ng3 Bxg3 13. Qxg3 c5 14. Nxc5 Nxc5 15. dxc5 d4 16. Qd6 Qxd6 17. cxd6 dxe3 18. fxe3 Re8 19. O-O-O Bd7 20. Rhf1 Re5 21. Rf4 a5 22. Rdf1 Ra6 23. Bxa6 1-0


[Site "https://www.chess.com"]

[Event "Titled Tuesday Blitz March 14 Late 2023"]
[White "Madaminov, Mukhiddin"]
[Black "Ronka, Erik"]
[WhiteFideId "14210703"]
[BlackFideId "505080"]
[WhiteElo "2511"]
[BlackElo "2264"]
[Result "1-0"]
[Round "01"]
[TimeControl "180+1"]
[Date "2023.03.14"]
[WhiteClock "0:00:38"]
[BlackClock "0:00:03"]

1. d4 d5 2. Nc3 Nf6 3. Bf4 c5 4. e4 Nxe4 5. Nxe4 dxe4 6. dxc5 Qa5+ 7. c3 Qxc5 8. Qa4+ Nc6 9. Qxe4 Bf5 10. Qa4 g6 11. O-O-O Bg7 12. Be3 Qa5 13. Qxa5 Nxa5 14. Bb5+ Nc6 15. Nf3 O-O 16. Rhe1 Rac8 17. Bxc6 Rxc6 18. Bd4 Bh6+ 19. Be3 Bg7 20. Nd4 Bxd4 21. Bxd4 Re8 22. b3 a6 23. Kb2 f6 24. f4 Kf7 25. a4 h5 26. a5 Rd6 27. Rd2 e5 28. fxe5 fxe5 29. Rde2 Rde6 30. Bb6 Bd3 31. Rd2 e4 32. c4 Rf6 33. Kc3 Rf5 34. Kd4 Re6 35. Ke3 Ke7 36. Kd4 Kd7 37. Kc3 Ke7 38. Rg1 Rf1 39. Rxf1 Bxf1 40. Rf2 Bd3 41. Bc5+ Kd7 42. Rf7+ Kc6 43. Bb6 Bb1 44. Rc7+ Kd6 45. Kd4 Re7 46. Rc5 Rd7 47. Rg5 e3 48. Kxe3 Bf5 49. h3 Kc6 50. g4 hxg4 51. hxg4 Bc2 52. b4 Rd3+ 53. Ke2 Rc3 54. Rc5+ Kd6 55. Kd2 Rg3 56. Kxc2 Rxg4 57. Kb3 Rg3+ 58. Ka4 g5 59. Bc7+ Kd7 60. Bxg3 1-0


[Site "https://www.chess.com"]

[Event "Titled Tuesday Blitz March 14 Late 2023"]
[White "Makhnev, Denis"]
[Black "Rodchenkov, Sergey D."]
[WhiteFideId "13707647"]
[BlackFideId "4168712"]
[WhiteElo "2525"]
[BlackElo "2277"]
[Result "1-0"]
[Round "01"]
[TimeControl "180+1"]
[Date "2023.03.14"]
[WhiteClock "0:00:42"]
[BlackClock "0:00:48"]

1. d4 d5 2. c4 dxc4 3. Nf3 Nf6 4. e3 e6 5. Bxc4 c5 6. O-O a6 7. Be2 Nc6 8. Ne5 cxd4 9. Nxc6 bxc6 10. exd4 Be7 11. Nc3 O-O 12. Bf3 Nd5 13. Na4 Rb8 14. Bd2 a5 15. Rc1 Ba6 16. Re1 Bb5 17. Nc5 a4 18. g3 Bf6 19. Be3 Nxe3 20. fxe3 e5 21. dxe5 Bxe5 22. Nd7 Bxb2 23. Rc2 a3 24. Nxb8 Qxb8 25. Bxc6 Rd8 26. Bxb5 Rxd1 27. Rxd1 g6 28. Bc4 Qe5 29. Re2 h5 30. Rf1 Kg7 31. Rxf7+ Kh6 32. Rf4 Bc1 33. Kf2 Qe4 34. Rxe4 1-0


[Site "https://www.chess.com"]

[Event "Titled Tuesday Blitz March 14 Late 2023"]
[White "Manukian, Artak"]
[Black "Kamsky, Gata"]
[WhiteFideId "13301373"]
[BlackFideId "2000024"]
[WhiteElo "2130"]
[BlackElo "2666"]
[Result "1/2-1/2"]
[Round "01"]
[TimeControl "180+1"]
[Date "2023.03.14"]
[WhiteClock "0:00:35"]
[BlackClock "0:00:40"]

1. e4 g6 2. d4 Bg7 3. c3 d6 4. Bd3 e5 5. Nf3 Nc6 6. d5 Nce7 7. O-O h6 8. Nfd2 f5 9. c4 Nf6 10. Nc3 O-O 11. b4 a5 12. bxa5 Rxa5 13. Nb3 Ra8 14. f3 c5 15. dxc6 bxc6 16. Be3 Kh7 17. a4 d5 18. cxd5 cxd5 19. Bc5 Be6 20. exd5 Nfxd5 21. Nxd5 Bxd5 22. Bb5 Rf7 23. Rf2 e4 24. fxe4 Bxe4 25. Qxd8 Rxd8 26. Re1 Bf6 27. a5 Nd5 28. Bc4 Rc7 29. Rxe4 fxe4 30. Bxd5 Rxd5 31. Rxf6 Rdxc5 32. Nxc5 Rxc5 33. Re6 Rxa5 34. Rxe4 1/2-1/2


[Site "https://www.chess.com"]

[Event "Titled Tuesday Blitz March 14 Late 2023"]
[White "Maranhao,Jose Renato Ruiz"]
[Black "Pham, Khoi"]
[WhiteFideId "2135175"]
[BlackFideId "1054988"]
[WhiteElo "1970"]
[BlackElo "2543"]
[Result "0-1"]
[Round "01"]
[TimeControl "180+1"]
[Date "2023.03.14"]
[WhiteClock "0:00:01"]
[BlackClock "0:00:41"]

1. g3 g6 2. Bg2 Bg7 3. Nf3 e5 4. d4 e4 5. Ne5 d5 6. c4 f6 7. Qa4+ c6 8. Nxc6 Nxc6 9. cxd5 Qxd5 10. Nc3 Qxd4 11. Bxe4 Qxa4 12. Nxa4 Nge7 13. O-O O-O 14. Be3 f5 15. Bg2 Be6 16. Nc5 Bd5 17. f3 b6 18. Nd3 Rfe8 19. Nf4 Bf7 20. Rad1 Bxa2 21. Rd7 Rad8 22. Rc7 Bf7 23. Rc1 Ne5 24. Rxa7 g5 0-1


[Site "https://www.chess.com"]

[Event "Titled Tuesday Blitz March 14 Late 2023"]
[White "Martynov, Pavel"]
[Black "Gallegos Diaz, Carlos Alberto"]
[WhiteFideId "4101260"]
[BlackFideId "3900886"]
[WhiteElo "2314"]
[BlackElo "2362"]
[Result "0-1"]
[Round "01"]
[TimeControl "180+1"]
[Date "2023.03.14"]
[WhiteClock "0:00:14"]
[BlackClock "0:00:39"]

1. e4 d6 2. d4 Nf6 3. Nc3 c6 4. g3 Qa5 5. Bg2 e5 6. Ne2 Be7 7. O-O O-O 8. h3 Re8 9. Be3 Nbd7 10. g4 b5 11. a3 Bb7 12. Ng3 h6 13. Nf5 Bf8 14. f4 exf4 15. Bxf4 Qc7 16. Qd3 a5 17. Qg3 b4 18. Nxd6 Bxd6 19. Bxd6 Qb6 20. axb4 axb4 21. Ne2 Rxa1 22. Rxa1 Nxe4 23. Bxe4 Rxe4 24. Qd3 Rxe2 25. Bc5 Nxc5 26. Qxe2 Ne6 27. c3 bxc3 28. bxc3 c5 29. dxc5 Qc6 30. Kh2 Qc7+ 31. Kg1 Qg3+ 32. Kf1 Qxh3+ 33. Ke1 Qxc3+ 0-1


[Site "https://www.chess.com"]